 Dungeon Crawl Stone Soup version 0.29-a0-294-g83ea962da3 (webtiles) character file.

Game seed: 15739986710697021593

139 kae the Firebug (level 5, -2/28 HPs)
             Began as a Tengu Fire Elementalist on Mar 18, 2022.
             Slain by Grinder (10 damage)
             ... on level 3 of the Dungeon.
             The game lasted 00:01:11 (2954 turns).

kae the Firebug (Tengu Fire Elementalist)           Turns: 2954, Time: 00:01:11

Health: -2/28      AC:  3    Str:  9    XL:     5   Next: 22%
Magic:  2/10       EV: 14    Int: 17    God:
Gold:   83         SH:  0    Dex: 14    Spells: 8/9 levels left

rFire   . . .      SeeInvis .   d - +0 short sword (speed)
rCold   . . .      Faith    .   (no shield)
rNeg    . . .      Spirit   .   a - +0 robe
rPois   .          Reflect  .   (helmet restricted)
rElec   .          Harm     .   (no cloak)
rCorr   .          Rampage  .   h - +0 pair of gloves
Will    .....                   (boots unavailable)
Stlth   ++........              (no amulet)
HPRegen 0.09/turn               (no ring)
MPRegen 0.12/turn               (no ring)

@: flying quickly and evasively, quick
A: beak, talons 3, nimble flight
a: no special abilities


You were on level 3 of the Dungeon.
You visited 1 branch of the dungeon, and saw 3 of its levels.

You collected 83 gold pieces.

Inventory:

Hand Weapons
 d - a +0 short sword of speed (weapon)
Armour
 a - a +0 robe (worn)
 h - a +0 pair of gloves (worn)
Jewellery
 f - an amulet of faith
 j - the ring "Zotaow" {rPois Str+6 Dex+3}
   (You found it on level 2 of the Dungeon)

   [ring of strength]

   Str:       It affects your strength (+6).
   Dex:       It affects your dexterity (+3).
   rPois:     It protects you from poison.
Scrolls
 c - 2 scrolls of vulnerability
Potions
 b - a potion of magic
 e - a potion of curing
 g - 2 potions of heal wounds {unknown}


   Skills:
 - Level 2.1 Dodging
 - Level 2.0 Stealth
 + Level 2.9 Spellcasting
 + Level 3.3 Conjurations
 * Level 5.0 Fire Magic


You had 8 spell levels left.
You knew the following spells:

 Your Spells              Type           Power      Damage    Failure   Level
a - Foxfire               Conj/Fire      64%        2x1d7     3%          1

Your spell library contained the following spells:

 Spells                   Type           Power      Damage    Failure   Level
 Scorch                   Fire           38%        2d7       3%          2
 Conjure Flame            Conj/Fire      16%        6-21      10%         3
 Inner Flame              Hex/Fire       11%        N/A       19%         3
 Flame Wave               Conj/Fire      16%        2d6       30%         4


Dungeon Overview and Level Annotations

Branches:
Dungeon (3/15)

Altars:

Annotations:
D:2 Terence
D:3 1 transporter, Grinder; namelastname112's ghost, amateur DrBr


Innate Abilities, Weirdness & Mutations

You have a beak for a mouth.
You have claws for feet.
Your magical nature lets you fly swiftly and evasively.


Message History

Confirm with . or Enter, or press ? or * to list all spells.
You conjure some foxfire!
The foxfire hits Grinder.
Grinder is heavily wounded.
The foxfire hits Grinder.
Grinder is heavily wounded.
The foxfire hits Grinder but does no damage.
Grinder is heavily wounded.
The foxfire hits Grinder.
Grinder is severely wounded.
Casting: Foxfire (safe; 3% risk of failure)
Confirm with . or Enter, or press ? or * to list all spells.
You conjure some foxfire!
The foxfire hits Grinder but does no damage.
Grinder is severely wounded.
The foxfire hits Grinder but does no damage.
Grinder is severely wounded.
Casting: Foxfire (safe; 3% risk of failure)
Confirm with . or Enter, or press ? or * to list all spells.
You conjure some foxfire!
Grinder hits you.
You writhe in agony.
* * * LOW HITPOINT WARNING * * *
The foxfire hits Grinder.
Grinder is severely wounded.
The foxfire hits Grinder.
Grinder is severely wounded.
Grinder blinks!
Casting: Foxfire (safe; 3% risk of failure)
Confirm with . or Enter, or press ? or * to list all spells.
You conjure some foxfire!
Grinder gestures at you.
You barely resist.
The foxfire hits Grinder.
Grinder is almost dead.
The foxfire hits Grinder but does no damage.
Grinder is almost dead.
Casting: Foxfire (safe; 3% risk of failure)
Confirm with . or Enter, or press ? or * to list all spells.
You conjure some foxfire!
Grinder says, "Are you a fish?" Grinder hits you!
You die...

#. #. #.. #. #.# #.
#.# #. #.# #. #.#
##.## #.####
##.v.###### #v...#
#...@5....# ##..#.##
#.#.§v.##.# ##.#§#...
##.#....##.###.###.##.
+...............#.#...
##.#.......#####..#..#
#....†....# ##...##
#######.### ##.## #.#
#.# #.# #.##


You could see Grinder (ally target).

Vanquished Creatures
  Natasha (thrice) (D:2)
  3 adders (D:2)
  A worm (D:2)
  3 dart slugs
  4 ball pythons
  4 endoplasms
  2 giant cockroaches (D:1)
  A goblin (D:1)
  3 hobgoblins
  2 quokkas
  3 bats
  3 frilled lizards (D:2)
  2 kobolds
  3 rats
37 creatures vanquished.

Vanquished Creatures (others)
  181 foxfires
181 creatures vanquished.

Grand Total: 218 creatures vanquished

Notes
Turn   | Place    | Note
-------+----------+-------------------------------------------
     0 | D:1      | kae the Tengu Fire Elementalist began the quest for the
                  | Orb.
     0 | D:1      | Reached XP level 1. HP: 10/10 MP: 4/4
   508 | D:1      | Reached XP level 2. HP: 15/15 MP: 3/6
  1393 | D:2      | Reached skill level 4 in Fire Magic
  1393 | D:2      | Reached XP level 3. HP: 8/19 MP: 2/7
  1948 | D:2      | Noticed Natasha
  1961 | D:2      | Killed Natasha
  1962 | D:2      | Reached XP level 4. HP: 10/24 MP: 0/8
  2390 | D:2      | Noticed Natasha
  2395 | D:2      | Killed Natasha
  2498 | D:2      | Noticed Terence
  2583 | D:2      | Identified the ring "Zotaow" {rPois Str+6 Dex+3}
  2622 | D:2      | Noticed Natasha
  2629 | D:2      | Killed Natasha
  2630 | D:2      | Reached skill level 5 in Fire Magic
  2630 | D:2      | Gained mutation: Your magical nature lets you fly swiftly
                  | and evasively. [Tengu growth]
  2630 | D:2      | Reached XP level 5. HP: 10/28 MP: 6/10
  2870 | D:3      | Found a transporter.
  2874 | D:3      | Noticed namelastname112's ghost (amateur DrBr)
  2930 | D:3      | Noticed Grinder
  2936 | D:3      | Paralysed by Grinder for 5 turns
  2954 | D:3      | Slain by Grinder

Illustrated notes

Levels and vault maps discovered:
D:1:      zelgadis_glass_arrival_small, layout_basic
D:2:      layout_rooms, uniq_natasha, uniq_terence
D:3:      layout_loops_corners, gammafunk_ghost_mausoleum, uniq_grinder,
          uniq_sigmund

Skill      XL: |  1  2  3  4 |
---------------+-------------+-----
Conjurations   | 2 3 |  3.3
Fire Magic     | 4 5 |  5.0
Dodging        | |  2.1
Stealth        | |  2.0
Spellcasting   | |  2.9

Action                   |  1- 3 |  4- 6 || total
-------------------------+-------+-------++-------
Melee: Short sword       |     6 |     9 ||    15
       Peck              |     1 |     1 ||     2
       Kick              |       |     2 ||     2
 Cast: Foxfire           |    79 |    32 ||   111
  Use: Scroll            |     2 |     1 ||     3
Armor: Robe              |     6 |     5 ||    11
Dodge: Dodged            |    14 |    15 ||    29

Table legend: (Time is in decaauts)
 A = Elapsed time spent in this place.
 B = Non-inter-level travel time spent in this place.
 C = Inter-level travel time spent in this place.
 D = Time resting spent in this place.
 E = Time spent auto-exploring this place.
 F = Levels seen in this place.
 G = Mean time per level.
                   A        B        C        D        E       F      G
               +--------+--------+--------+--------+--------+-----+--------+
         Total |   2940 |   2868 |     72 |     29 |   2512 |   3 |  980.0 |
       Dungeon |   2940 |   2868 |     72 |     29 |   2512 |   3 |  980.0 |
               +--------+--------+--------+--------+--------+-----+--------+

Top non-repeatable levels by time:
     D:2: 1473 daAuts
     D:1: 1367 daAuts
     D:3: 99 daAuts
